 Dungeon Crawl Stone Soup version 0.26.1-11-gd32895ea62 (webtiles) character file.

Game seed: 4848106776576868475

14 Zeld the Insei (level 2, 0/18 HPs)
             Began as an Octopode Transmuter on May 27, 2021.
             Slain by an adder (2 damage)
             ... on level 3 of the Dungeon.
             The game lasted 00:00:52 (724 turns).

Zeld the Insei (Octopode Transmuter)                 Turns: 724, Time: 00:00:53

Health: 0/18       AC:  1    Str:  9    XL:     2   Next: 41%
Magic:  5/5        EV: 13    Int: 15    God:
Gold:   22         SH:  0    Dex: 12    Spells: 2/5 levels left

rFire    . . .     SeeInvis .     - Unarmed
rCold    . . .     Faith    .   (no shield)
rNeg     . . .     Spirit   .   (helmet restricted)
rPois    .         Reflect  .   (no amulet)
rElec    .         Harm     .   (no ring)
rCorr    .         Rampage  .   (no ring)
Will     .....                  (no ring)
Stlth    ++........             (no ring)
HPRegen  0.06/turn              (no ring)
MPRegen  0.09/turn              (no ring)
                                (no ring)
                                (no ring)

@: no status effects
A: almost no armour, stealthy swim, amphibious, 8 rings, constrict 8, camouflage
1, gelatinous body 1
a: no special abilities


You were on level 3 of the Dungeon.
You visited 1 branch of the dungeon, and saw 3 of its levels.

You collected 22 gold pieces.

Inventory:

Potions
 a - a potion of lignification {unknown}


   Skills:
 + Level 1.2 Fighting
 + Level 2.1 Dodging
 - Level 3.0 Unarmed Combat
 * Level 2.3 Spellcasting
 * Level 2.3 Transmutations


You had 2 spell levels left.
You knew the following spells:

 Your Spells              Type           Power        Failure   Level
a - Beastly Appendage     Tmut           16%          9%          1
b - Wereblood             Tmut           8%           12%         2

Your spell library contained the following spells:

 Spells                   Type           Power        Failure   Level
 Spider Form              Tmut/Pois      2%           36%         3
 Ice Form                 Ice/Tmut       5%           78%         4
 Blade Hands              Tmut           4%           92%         5


Dungeon Overview and Level Annotations

Branches:
Dungeon (3/15)

Altars:


Innate Abilities, Weirdness & Mutations

You cannot wear most types of armour.
You are very stealthy in the water. (Stealth+)
You are amphibious.
You can wear up to eight rings at the same time.
You can use your tentacles to constrict eight enemies at once.
Your skin changes colour to match your surroundings (Stealth+).
Your rubbery body absorbs attacks. (AC +1, EV +1)


Message History

Your transformation is almost over.
An adder comes into view.
There are monsters nearby!
The adder barely misses you.
Found a whip.
The adder bites you but does no damage.
You tentacle-slap the adder. Your grab misses the adder.
Your tentacle spike misses the adder.
The adder is lightly wounded.
The adder closely misses you. The adder completely misses you.
You tentacle-slap the adder. Your grab misses the adder.
Your squeeze misses the adder.
The adder is moderately wounded.
Your tentacle spike disappears.
The adder barely misses you.
You closely miss the adder. Your grab misses the adder.
Your squeeze misses the adder.
The adder is moderately wounded.
The adder bites you.
You die...

#.# #......##>. #.#
#......##r# #.#
#......##.#
#.###......##.###
#...............#
#.###......##.#+#####
#.##................#
#.##.########.......#
####.# #...@...# #.#
#.#S######.#... #.#
#............S. #.#
#+#............ #.#
................ #.#
................) #.#
..................
#.#
.......######.#...
#.# ####.#.# .#...


You could see an adder.

Vanquished Creatures
  A dart slug (D:1)
  A leopard gecko (D:2)
  2 goblins (D:1)
  A kobold (D:2)
  2 quokkas
  A bat (D:2)
  2 rats
10 creatures vanquished.

Vanquished Creatures (others)
  4 toadstools (D:1)
4 creatures vanquished.

Grand Total: 14 creatures vanquished

Notes
Turn   | Place    | Note
-------+----------+-------------------------------------------
     0 | D:1      | Zeld the Octopode Transmuter began the quest for the Orb.
     0 | D:1      | Reached XP level 1. HP: 13/13 MP: 3/3
   346 | D:2      | Reached XP level 2. HP: 8/18 MP: 3/5
   349 | D:2      | Learned a level 2 spell: Wereblood
   724 | D:3      | Slain by an adder

Illustrated notes

Levels and vault maps discovered:
D:1:      ldierk_water_garden, layout_basic
D:2:      layout_basic, serial_bayou_pond_a,
          nicolae_dithmenos_through_a_glass_darkly
D:3:      layout_basic, portal_sewer_entry_f, st_stairs_12

Action                   || total
-------------------------++-------
Melee: Unarmed           ||    22
       Constrict         ||     6
       Kick              ||     3
       Tentacles         ||     4
 Cast: Beastly Appendage ||     8
 Stab: Sleeping          ||     1
Armor: Skin              ||     2
Dodge: Dodged            ||    14
